 Dungeon Crawl Stone Soup version 0.27.0-1-g7a089689b8 (webtiles) character file.

Game seed: 4316844010134827477

182 dtburroughs the Chopper (level 5, -1/47 HPs)
             Began as a Minotaur Berserker on Aug 1, 2021.
             Was a Believer of Trog.
             Slain by a kobold brigand (7 damage)
             ... in a sewer.
             The game lasted 00:03:59 (2881 turns).

dtburroughs the Chopper (Minotaur Berserker)        Turns: 2881, Time: 00:03:59

Health: -1/47      AC:  9    Str: 21    XL:     5   Next: 34%
Magic:  4/4        EV:  8    Int:  5    God:    Trog [**....]
Gold:   74         SH:  0    Dex: 10    Spells: 4/4 levels left

rFire    + . .     SeeInvis .   a - +0 hand axe
rCold    . . .     Faith    .   (no shield)
rNeg     . . .     Spirit   .   k - +0 chain mail
rPois    .         Reflect  .   (helmet restricted)
rElec    .         Harm     .   (no cloak)
rCorr    .         Rampage  .   (no gloves)
Will     .....                  (no boots)
Stlth    ..........             (no amulet)
HPRegen  0.15/turn              g - ring of protection from fire
MPRegen  0.09/turn              (no ring)

@: lethally poisoned (-1 -> -14), slowed, very slow
A: horns 2, retaliatory headbutt
a: Renounce Religion, Berserk, Trog's Hand


You were in a sewer.
You worshipped Trog.
Trog was pleased with you.
You visited 1 branch of the dungeon, and saw 3 of its levels.
You also visited: Sewer.

You collected 74 gold pieces.

Inventory:

Hand Weapons
 a - a +0 hand axe (weapon)
Armour
 k - a +0 chain mail (worn)
Jewellery
 b - a ring of ice
 g - a ring of protection from fire (left hand)
 l - a ring of poison resistance
 m - a ring of protection from fire
Wands
 n - a wand of iceblast (13)
Scrolls
 c - a scroll of teleportation {unknown}
 e - a scroll of enchant armour {unknown}
 i - a scroll of amnesia {unknown}
 j - a scroll of holy word {unknown}
Potions
 d - 2 potions of curing {unknown}
 f - 4 potions of degeneration {unknown}
 h - a potion of lignification {unknown}


   Skills:
 + Level 4.8 Fighting
 + Level 4.8 Axes
 + Level 3.9 Armour
 + Level 3.5 Dodging


You had 4 spell levels left.
You didn't know any spells.
Your spell library was empty.

Dungeon Overview and Level Annotations

Branches:
Dungeon (3/15)              Sewer (1/1)

Altars:

Shops:
D:1 [   D:2 =


Innate Abilities, Weirdness & Mutations

You have a pair of horns on your head.
You reflexively headbutt those who attack you in melee.


Message History

A kobold brigand comes into view.
It is wielding a +0 short sword and quivering curare-tipped darts.
The kobold brigand moves out of view.
The kobold brigand throws a curare-tipped dart.
The curare-tipped dart closely misses you.
A kobold comes into view. It is wielding a +0 whip.
A jackal comes into view.
The jackal bites you but does no damage.
You miss the jackal. You headbutt the jackal.
You kill the jackal!
Trog accepts your kill.
The kobold brigand throws a curare-tipped dart.
The curare-tipped dart completely misses you.
The kobold throws a stone.
The stone hits you.
The kobold brigand throws a curare-tipped dart.
The curare-tipped dart hits you.
You are poisoned.
You have difficulty breathing.
You feel yourself slow down.
You enter the shallow water.
Moving in this stuff is going to be slow.
You feel very sick.
The kobold brigand throws a curare-tipped dart.
The curare-tipped dart hits you.
You are more poisoned.
You have difficulty breathing.
You feel as though you will be slow longer.
The jackal closely misses you.
The kobold brigand throws a curare-tipped dart.
The curare-tipped dart hits you.
You are more poisoned.
You have difficulty breathing.
You feel as though you will be slow longer.
The kobold hits you but does no damage.
* * * LOW HITPOINT WARNING * * *
You feel extremely sick.
The jackal splashes around in the water. x2
The kobold brigand splashes around in the water.
The kobold closely misses you.
The jackal bites you but does no damage.
The kobold brigand hits you with a +0 short sword!
You die...

#.≈≈≈..∩# #≈≈≈≈.###
#.≈≈≈.# ##≈≈≈≈≈##
################≈.≈≈≈..#
≈≈≈≈≈≈≈≈≈≈≈≈≈≈≈≈≈≈≈≈≈..#
################.≈≈≈≈..#
#≈K≈≈≈≈.# #@h≈≈≈≈.#
#.K≈≈≈≈.# #≈≈≈≈≈≈≈#
#.≈≈≈≈≈≈# #.≈≈≈≈..#
#.≈.≈≈..# ####.#### ..


You could see a kobold brigand, a jackal and a kobold.

Vanquished Creatures
  5 adders
  4 gnolls (D:3)
  A river rat (Sewer)
  2 worms
  2 dart slugs
  3 orcs (D:3)
  6 endoplasms
  6 giant cockroaches
  3 goblins
  3 hobgoblins (D:2)
  11 jackals
  3 kobolds
  4 quokkas
  6 ball pythons
  5 bats
  A frilled lizard (D:2)
  12 rats
77 creatures vanquished.

Vanquished Creatures (others)
  5 plants (D:1)
5 creatures vanquished.

Grand Total: 82 creatures vanquished

Notes
Turn   | Place    | Note
-------+----------+-------------------------------------------
     0 | D:1      | dtburroughs the Minotaur Berserker began the quest for the
                  | Orb.
     0 | D:1      | Reached XP level 1. HP: 19/19 MP: 0/0
   264 | D:1      | Reached XP level 2. HP: 27/27 MP: 1/1
   792 | D:1      | Found Wesug's Armour Boutique.
   856 | D:1      | Reached XP level 3. HP: 32/33 MP: 2/2
   861 | D:1      | Reached ** piety under Trog
  1551 | D:2      | Found Oqilaeq's Jewellery Emporium.
  1674 | D:2      | Reached XP level 4. HP: 41/41 MP: 3/3
  2622 | D:3      | Reached XP level 5. HP: 33/47 MP: 4/4
  2762 | D:3      | Found a glowing drain.
  2803 | Sewer    | Entered a sewer
  2881 | Sewer    | Slain by a kobold brigand

Illustrated notes

Levels and vault maps discovered:
D:1:      minmay_arrival_radiant_lines, layout_basic, serial_shops,
          nicolae_diamond_shop, nrook_mini_backslash, serial_bayou_pond_b
D:2:      layout_basic, serial_shops, shop, corner_web_ring,
          amcnicky_mini_pool_small
D:3:      layout_basic, gup_sewer_entry_glass, serial_curves, eino_curves_04,
          eino_curves_04, eino_curves_04, eino_curves_02,
          ebering_ecumenical_altar_abandoned, kennysheep_generic_room_2,
          uniq_terence
Sewer:    sewer_kobolds

Skill      XL: |  1  2  3 |
---------------+----------+-----
Axes           | 4 |  4.8
Fighting       | 4 |  4.8
Armour         | 3 |  3.9
Dodging        | 3 |  3.5

Action                   |  1- 3 |  4- 6 || total
-------------------------+-------+-------++-------
Melee: Hand axe          |    72 |    75 ||   147
       Headbutt          |    11 |    16 ||    27
Invok: Trog's Hand       |       |     2 ||     2
       Berserk           |       |     1 ||     1
Armor: Animal skin       |    15 |       ||    15
       Ring mail         |     2 |     7 ||     9
       Chain mail        |       |    37 ||    37
Dodge: Dodged            |    58 |    43 ||   101
